 Dungeon Sprint DCSS version 0.16-a0-3781-g2316936 (console) character file.

331 Monkaria the Cleaver (level 6, -1/66 HPs)
             Began as a Hill Orc Fighter on Jan 25, 2015.
             Was an Initiate of Makhleb.
             Slain by a slime creature (10 damage)
             ... in the Dungeon (Sprint I: "Red Sonja").
             The game lasted 00:01:00 (745 turns).

Monkaria the Cleaver (Hill Orc Fighter)              Turns: 745, Time: 00:01:00

Health: -1/66      AC:  6    Str: 21    XL:     6   Next: 52%
Magic:  6/6        EV:  7    Int:  8    God:    Makhleb [......]
Gold:   297        SH:  9    Dex: 10    Spells: 0 memorised, 5 levels left

rFire  . . .     SeeInvis .     a - +0 war axe
rCold  . . .     Clarity  .     b - +0 scale mail
rNeg   . . .     SustAb   .     c - +0 shield
rPois  .         Gourm    .     (no helmet)
rElec  .         Spirit   .     (no cloak)
rCorr  .         Warding  .     (no gloves)
rMut   .         NoTele   +     (no boots)
MR     .....                    (no amulet)
Stlth  ..........               (no ring)
                                (no ring)

@: not resistant to hostile enchantments, extremely unstealthy
A: no striking features
a: Renounce Religion


You were in the Dungeon.
You worshipped Makhleb.
Makhleb was noncommittal.
You were not hungry.

You visited 1 branch You collected 297 gold pieces.

Inventory:

Hand weapons
 a - a +0 war axe (weapon)
Armour
 b - a +0 scale mail (worn)
 c - a +0 shield (worn)
Scrolls
 k - a scroll of blinking
Potions
 e - a potion of might
 f - a potion of curing
 g - 2 potions of heal wounds
 h - a potion of haste
 i - 2 potions of magic
 j - a potion of berserk rage
 l - a potion of ambrosia {unknown}
Comestibles
 d - a meat ration
 m - 2 beef jerkies


   Skills:
 + Level 9.9 Fighting
 * Level 13.7 Axes
 - Level 3.2 Armour
 - Level 3.2 Shields


You had 5 spell levels left.
You didn't know any spells.

Dungeon Overview and Level Annotations

Branches:
Dungeon (1/1)

Altars:
Cheibriados
Dithmenos
Elyvilon
Fedhas
Gozag
Kikubaaqudgha
Makhleb
Nemelex Xobeh
Okawaru
Qazlal
Ru
Sif Muna
Trog
Vehumet
Xom
Yredelemnul
Zin
The Shining One
Jiyva

Shops:
D :


Message History

The slime creature is heavily wounded.
You hit the slime creature.
The slime creature is heavily wounded.
The slime creature barely misses you.
Your shield prevents you from hitting the slime creature.
The slime creature is heavily wounded.
The slime creature hits you!
You slash the slime creature!
The slime creature is severely wounded.
The slime creature hits you!
* * * LOW HITPOINT WARNING * * *
There is an open door here.
Things that are here:
a scythe; a robe
There is an open door here.
There is an open door, spattered with blood here.
You see here a giant club.
There is an open door here.
The slime creature hits you!
You die...

###################
#<.#..)..#..'..#__#
#..J..#..').#..'..+
#.@#####'#####'#__#
#..####..#...#.####
#..#__####..##)#
#..#_..__##'#..+
#⌠⌠#_.∩...†..._#
####_..._##_.#'#
#_____###+#.#
####### ###


You could see a slime creature.

Vanquished Creatures
  A yak (D)
  An ogre (D)
  Sigmund (D)
  A jelly (D)
  Ijyb (D)
5 creatures vanquished.

Notes
Turn   | Place    | Note
--------------------------------------------------------------
     0 | D        | Monkaria, the Hill Orc Fighter, began the quest for the Orb.
     0 | D        | Reached XP level 1. HP: 19/19 MP: 1/1
     1 | D        | Noticed Ijyb
    13 | D        | Killed Ijyb
    13 | D        | Reached skill level 5 in Fighting
    13 | D        | Reached skill level 6 in Axes
    13 | D        | Reached XP level 2. HP: 20/29 MP: 2/2
   105 | D        | Noticed an ogre
   113 | D        | Killed an ogre
   113 | D        | Reached skill level 7 in Fighting
   113 | D        | Reached skill level 9 in Axes
   113 | D        | Reached XP level 3. HP: 8/39 MP: 3/3
   113 | D        | Reached XP level 4. HP: 9/47 MP: 4/4
   365 | D        | Noticed Sigmund
   373 | D        | Killed Sigmund
   373 | D        | Reached skill level 11 in Axes
   373 | D        | Reached XP level 5. HP: 41/55 MP: 5/5
   460 | D        | Found a deep blue altar of Sif Muna.
   461 | D        | Noticed a jelly
   462 | D        | Found a radiant altar of Vehumet.
   466 | D        | Killed a jelly
   466 | D        | Reached skill level 12 in Axes
   625 | D        | Found Vodoetegh's Book Emporium.
   625 | D        | Found a white marble altar of Elyvilon.
   625 | D        | Found a stormy altar of Qazlal.
   625 | D        | Found a burning altar of Makhleb.
   625 | D        | Found a sacrificial altar of Ru.
   625 | D        | Found a basalt altar of Yredelemnul.
   625 | D        | Found a glowing golden altar of the Shining One.
   625 | D        | Found a sparkling altar of Nemelex Xobeh.
   625 | D        | Found a shimmering altar of Xom.
   625 | D        | Found an opulent altar of Gozag.
   625 | D        | Found an ancient bone altar of Kikubaaqudgha.
   625 | D        | Found a glowing silver altar of Zin.
   625 | D        | Noticed a yak
   632 | D        | Killed a yak
   632 | D        | Reached skill level 13 in Axes
   632 | D        | Reached XP level 6. HP: 48/66 MP: 6/6
   633 | D        | Found an iron altar of Okawaru.
   634 | D        | Found a bloodstained altar of Trog.
   636 | D        | Became a worshipper of Makhleb the Destroyer
   715 | D        | Found a snail-covered altar of Cheibriados.
   715 | D        | Found a viscous altar of Jiyva.
   715 | D        | Found a shadowy altar of Dithmenos.
   715 | D        | Found a blossoming altar of Fedhas.
   715 | D        | Noticed a slime creature
   745 | D        | Slain by a slime creature

Action                   |  1- 3 |  4- 6 || total
-------------------------+-------+-------++-------
Melee: War axe           |    19 |    31 ||    50
